 Dungeon Crawl Stone Soup version 0.31-a0-656-gb4d89c20fa (webtiles) character file.

Game seed: 9452079046044191963

0 spiderkeys the Ruffian (level 1, 0/13 HPs)
             Began as an Octopode Shapeshifter on Aug 30, 2023.
             Slain by a gnoll
             ... wielding a +0 club
              (5 damage)
             ... on level 1 of the Dungeon.
             The game lasted 00:00:05 (49 turns).

spiderkeys the Ruffian (Octopode Shapeshifter)        Turns: 49, Time: 00:00:06

Health: 0/13       AC:  1    Str: 13    XL:     1   Next: 10%
Magic:  1/1        EV: 13    Int: 12    God:
Gold:   0          SH:  0    Dex: 11    Spells: 0/0 levels left

rFire   . .          .
                       - Unarmed
rCold   . . .        (no shield)
rNeg    . . .        (helmet currently unavailable)
rPois   .            (no amulet)
rElec   .            (no ring)
rCorr   .            (no ring)
SInv    .            (no ring)
Will    .....        (no ring)
Stlth   ++           (no ring)
HPRegen 0.22/turn    (no ring)
MPRegen 0.07/turn    (no ring)
                     (no ring)

%: no passive effects
@: beast-form
A: beast (slay +1), almost no armour, amphibious, 8 rings, camouflage 1,
gelatinous body 1, (nimble swimmer 1), tentacles
a: Begin Untransformation


You were on level 1 of the Dungeon.
You were a hulking beast.
You visited 1 branch of the dungeon, and saw 1 of its levels.


Innate Abilities, Weirdness & Mutations

You are a hulking beast.
Your limbs bulge with bestial killing power. (Slay +1)
You cannot wear most types of armour.
You are amphibious.
You can wear up to eight rings at the same time.
Your skin changes colour to match your surroundings (Stealth+).
Your rubbery body absorbs attacks. (AC +1, EV +1)
((You are camouflaged when in or above water. (Stealth+)))
You have tentacles for arms and can constrict up to eight enemies at once.


   Skills:
 + Level 1.0 Fighting
 + Level 2.0 Dodging
 + Level 3.0 Unarmed Combat
 + Level 3.0 Shapeshifting


You couldn't memorise any spells.
You didn't know any spells.
Your spell library was empty.

Inventory:

Talismans
 b - a beast talisman (active)
 c - a flux talisman
Potions
 a - a potion of lignification {!q}

Dungeon Overview and Level Annotations

Branches:
Dungeon (1/15) Zot: 5950

Altars:

......
#######......
............ ###
.........## #..
..........
#######.#
.......##
#.....#.#
#g.......
#.....#.######h#
#...........##.#
#...........##.#
#..............♣
.
#............###
.#
####..........##
#.# #.#
#.[......##.##
#.# #.#
######.#♣###.##
#.# #.# #.#
##.## #.# #.#


You could see a gnoll.


Message History

Options error: Missing colour in message_colour setting: 'that.*feels deathly cold' Options error: Missing colour in message_colour setting: 'and you must be Full or above to equip it' Options error: Missing colour in message_colour setting: 'but rights himself reflexively soon after' Options error: Missing colour in message_colour setting: 'before it is too late' Welcome, spiderkeys the Octopode Shapeshifter.
If you return without finding the Orb of Zot, so far below, it's all over!
Press ? for a list of commands and other information.
Found a staircase leading out of the dungeon.
There is a staircase leading out of the dungeon here.
There is a staircase leading out of the dungeon here.
Key pressed, stopping explore.
A bat comes into view.
A bat is nearby!
The bat barely misses you. The bat barely misses you.
The bat hits you. 😕 HP[-1]
You take 1 damage, and now have 12/13 hp.
You tentacle-slap the bat.
You kill the bat!
No target in view!
No target in view!
A gnoll comes into view. It is wielding a +0 club. 😎 HP[+1]
Your hp is fully restored (13).
A gnoll is nearby!
A gnoll is nearby!
You barely miss the gnoll. You grab the gnoll. You squeeze the gnoll.
You constrict the gnoll. The gnoll misses you.
You tentacle-slap the gnoll but do no damage.
You constrict the gnoll. The gnoll closely misses you.
You tentacle-slap the gnoll. You constrict the gnoll.
The gnoll hits you with a +0 club!
Ouch! That really hurt!
* * * LOW HITPOINT WARNING * * *
😨 HP[-8]
You take 8 damage, and now have 5/13 hp.
MASSIVE DAMAGE!! (PAUSE)
You tentacle-slap the gnoll but do no damage.
You constrict the gnoll. The gnoll hits you with a +0 club.
You die...

Action                     || total
---------------------------++-------
  Melee: Unarmed           ||     5
         Constrict         ||     1
         Tentacles         ||     1
  Dodge: Dodged            ||     4

Levels and vault maps discovered:
D:1:      spicycebolla_arrival_xxxplode, layout_basic,
          hellmonk_ecumenical_altar_heavens_door

Notes
Turn   | Place    | Note
-------+----------+-------------------------------------------
     0 | D:1      | spiderkeys the Octopode Shapeshifter began the quest for
                  | the Orb.
     0 | D:1      | Reached XP level 1. HP: 13/13 MP: 1/1
     0 | D:1      | magus.rc [v1.11.6]
    49 | D:1      | Slain by a gnoll

Vanquished Creatures
  A bat (D:1)
1 creature vanquished.

Table legend:
 A = Non-vault XP
 B = Vault XP
 C = Vault XP percentage of total XP
 D = Non-vault monster count
 E = Vault monster count
 F = Vault count percentage of total count
                 A         B        C        D         E       F
            +---------+---------+-------+---------+---------+-------
      Total |       1 |       0 |   0.0 |       1 |       0 |   0.0
            +---------+---------+-------+---------+---------+-------
        D:1 |       1 |       0 |   0.0 |       1 |       0 |   0.0
            +---------+---------+-------+---------+---------+-------

Action                     || total
---------------------------++-------
  Melee: Unarmed           ||     5
         Constrict         ||     1
         Tentacles         ||     1
  Dodge: Dodged            ||     4

Illustrated notes

Table legend:
 A = Kills in this place as a percentage of kills in the entire game.
 B = Kills by you in this place as a percentage of kills by you in the entire game.
 C = Kills by friends in this place as a percentage of kills by friends in the entire game.
 D = Other kills in this place as a percentage of other kills in the entire game.
 E = Experience gained in this place as a percentage of experience gained in the entire game.
 F = Experience gained in this place divided by the number of levels of this place that you have seen.
                   A       B       C       D       E      F
               +-------+-------+-------+-------+-------+----------------------
         Total | 100.0 | 100.0 |   N/A |   N/A | 100.0 |   1.0
       Dungeon | 100.0 | 100.0 |   N/A |   N/A | 100.0 |   1.0
               +-------+-------+-------+-------+-------+----------------------

Table legend: (Time is in decaauts)
 A = Elapsed time spent in this place.
 B = Non-inter-level travel time spent in this place.
 C = Inter-level travel time spent in this place.
 D = Time resting spent in this place.
 E = Time spent auto-exploring this place.
 F = Levels seen in this place.
 G = Mean time per level.
                   A        B        C        D        E       F      G
               +--------+--------+--------+--------+--------+-----+--------+
         Total |     48 |     48 |      0 |      0 |     32 |   1 |   48.0 |
       Dungeon |     48 |     48 |      0 |      0 |     32 |   1 |   48.0 |
               +--------+--------+--------+--------+--------+-----+--------+

Top non-repeatable levels by time:
     D:1: 48 daAuts
